TKirby, chaotic male elven Ranger -------------- ###..............#######%############ --------- ###|............| # ------------ |.......| # #+.........*..-## # #|...>......| |.......-######` #-------.------ # |..........| |.......| ###################################### ##...........| |.......+#### I # # --|--# # -|--.----|-- |.......|## # ############################....-##### # # # ---+-----# ###-.---------- # |...|# ## ### #+>.........| ### |...|# # # #|..........| # |...|############# # # ###|...........# ###|...| ----.--.---- # # |..........|### #.^..| |..........| # ### |..........| # ----- |..........| # # ------------ ### |..........| ------.---### # |..........| |<........# ##``####################...........| |.....^..| ------------ ---------- TKirby the Lookout Experience level: 3 Strength: 17 Dexterity: 10 Constitution: 15 Intelligence: 13 Wisdom: 13 Charisma: 7 Health: 0(20) Energy: 17(17) Def: 6 Gold: 261 Moves: 1083 Dungeon seed: NgvgbEDmODp8-iYM Game ID: TKirby_1507657115 Your Inventory: Coins $ - 261 gold pieces Weapons a - the +1 Sting (weapon in hand) b - a +1 elven bow (alternate weapon; not wielded) c - 54 +2 elven arrows (in quiver) d - 38 +0 elven arrows Armor e - an uncursed +2 elven cloak (being worn) n - a blessed +1 leather armor (being worn) Comestibles f - 5 uncursed lembas wafers h - an uncursed cram ration m - an uncursed strawberry Scrolls i - an uncursed scroll of genocide Rings g - an uncursed ring of conflict Wands j - a wand of digging (0:5) Spells and supernatural/magical abilities: Name Level Category Fail Memory W - pray for help -- divine ? -- Your skills at the end: Fighting Skills Weapon Skills dagger [Basic] bow [Basic] Spellcasting Skills Final Attributes: You were piously aligned. You were blinded. You were aware of the presence of orcs. You had automatic searching. You had infravision. You were stealthy. You are dead. Vanquished creatures: an iguana a gas spore a yellow mold 3 red molds a gnome zombie 5 jackals 3 foxes 5 sewer rats 2 grid bugs 2 lichens 2 kobold zombies 2 newts 28 creatures vanquished. Voluntary challenges: You were an atheist. You used a wielded weapon 24 times, starting on turn 2. You were illiterate. You never genocided any monsters. You never polymorphed an object. You never changed form. You used no wishes. You never split a pudding. You never wrote Elbereth's name. You never violated your personal moral code. Dungeon overview: The Dungeons of Doom: levels 1 to 3 Level 1 some fountains a long staircase Level 2 some fountains Level 3 <- You were here a long staircase History has recorded: On T:1 you entered the Dungeons of Doom to retrieve the Amulet of Yendor! On T:253 you reached level 2 of The Dungeons of Doom. On T:392 you advanced to experience level 2. On T:504 you reached level 3 of The Dungeons of Doom. On T:654 you advanced to experience level 3. Score breakdown: Gold: 261 ( 8226 points) Experience: 3 levels ( 7878 points) Exploration: 3 levels ( 6.52%) ( 6324 points) Discoveries: 0 items ( 0.00%) ( 0 points) Valuables value: (no points given unless you survive) Artifact value: 800 ( 9877 points) Variety of kills: 12 monsters ( 3.15%) ( 5324 points) Turncount: 1083 turns ( 0 points) Survival: died (score multiplied by 80%) Total score: 30103 Latest messages: Star staggers... Star misses the yellow mold. Star bites the yellow mold. The yellow mold is killed! You feel a bit steadier now. You hear some noises. You hear some noises in the distance. The door opens. $ - 13 gold pieces. You stop. Star is in the way! You displace star. The fox bites! You kill the fox! Star eats a fox corpse. You kill the red mold! You see here a red mold corpse. Blecch! Rotten food! Everything suddenly goes dark. You finish eating the red mold corpse. It bites! (3x) You hear some noises. It misses. It bites! (2x) You die... Final status: Goodbye TKirby the Ranger, killed by a kitten... You died in The Dungeons of Doom on dungeon level 3 with 30103 points, and 261 pieces of gold, after 1083 moves. You were level 3 with a maximum of 20 hit points when you died.